 Dungeon Crawl Stone Soup version 0.17-a0-18-gc25b939 (webtiles) character file.

109970 Econoterrorist the Black Belt (level 16, -21/86 HPs)
             Began as a Vine Stalker Monk on Mar 9, 2015.
             Was a High Priest of Qazlal.
             Demolished by an Ice Fiend (24 damage)
             ... in an ice cave on Mar 10, 2015.
             The game lasted 02:26:43 (25206 turns).

Econoterrorist the Black Belt (Vine Stalker Monk)  Turns: 25206, Time: 02:26:44

Health: -21/86     AC: 12    Str: 22    XL:     16   Next: 53%
Magic:  0/39       EV: 18    Int: 15    God:    Qazlal [*****.]
Gold:   2292       SH: 17    Dex: 15    Spells: 0 memorised, 15 levels left

rFire  + . .     SeeInvis +       - Unarmed
rCold  + . .     Clarity  .     M - +0 steam dragon armour
rNeg   + + .     SustAb   .     R - +3 buckler "Jeloc" {rN+ Int+2 SInv Stlth-}
rPois  +         Gourm    .     P - +2 helmet
rElec  .         Spirit   +     z - +0 cloak
rCorr  +         Warding  .     e - +0 pair of gloves "Tybb" {rF+ MP+9 Str+4 Dex-5}
rMut   .         Stasis   .     Q - +1 pair of boots
MR     ++...                    t - amulet of resist corrosion
Stlth  +.........               k - ring of poison resistance
                                A - ring of positive energy

@: mighty, about to teleport, protected from cold, repel missiles, very
resistant to hostile enchantments, very unstealthy
A: fangs 3, dopey 1, regeneration 3, magic shield, antimagic bite, no device
heal 3, rot immunity
a: Upheaval, Elemental Force, Disaster Area, Renounce Religion


You were in an ice cave.
You worshipped Qazlal.
Qazlal was extremely pleased with you.
You were not hungry.

You visited 4 branches of the dungeon, and saw 24 of its levels.
You also visited: Labyrinth, Sewer, Ice Cave and Volcano.

You collected 3160 gold pieces.
You spent 868 gold pieces at shops.

Inventory:

Missiles
 L - a throwing net (quivered)
Armour
 e - the +0 pair of gloves "Tybb" (worn) {rF+ MP+9 Str+4 Dex-5}
   (You found it on level 8 of the Dungeon)

   It affects your strength (+4).
   It affects your dexterity (-5).
   It protects you from fire.
   It affects your magic capacity (+9).
 z - a +0 cloak (worn)
 M - a +0 steam dragon armour (worn)
 P - a +2 helmet (worn)
 Q - a +1 pair of boots (worn)
 R - the +3 buckler "Jeloc" (worn) {rN+ Int+2 SInv Stlth-}
   (You bought it in a shop on level 4 of the Orcish Mines)

   It affects your intelligence (+2).
   It protects you from negative energy.
   It enhances your eyesight.
   It makes you less stealthy.
Rods
 S - a +7 rod of destruction (17/17)
   (You found it in a labyrinth)
Jewellery
 k - a ring of poison resistance (right hand)
 t - an amulet of resist corrosion (around neck)
 A - a ring of positive energy (left hand)
 C - an uncursed ring of sustain abilities
Magical devices
 H - a wand of teleportation (1)
 N - a wand of digging (8)
Scrolls
 d - a scroll of summoning
 f - 6 scrolls of remove curse
 i - 3 scrolls of magic mapping
 l - 2 scrolls of holy word
 q - 12 scrolls of teleportation
 r - 3 scrolls of identify
 u - a scroll of brand weapon
 v - a scroll of blinking
 y - 3 scrolls of fear
 E - a scroll of fog
 K - 2 scrolls of enchant armour
Potions
 h - 4 potions of might
 s - 3 potions of haste
 w - a potion of flight
 x - 6 potions of curing
 B - 2 potions of agility
 G - 2 potions of berserk rage
 J - 4 potions of restore abilities
Books
 a - a book of Changes

   Spells                             Type                      Level
   a - Beastly Appendage              Transmutation                1
   b - Sticks to Snakes               Transmutation                2
   c - Spider Form                    Transmutation/Poison         3
   d - Ice Form                       Ice/Transmutation            4
   e - Blade Hands                    Transmutation                5
 c - a book of Flames

   Spells                             Type                      Level
   a - Flame Tongue                   Conjuration/Fire             1
   b - Throw Flame                    Conjuration/Fire             2
   c - Conjure Flame                  Conjuration/Fire             3
   d - Inner Flame                    Hexes/Fire                   3
   e - Sticky Flame                   Conjuration/Fire             4
   f - Fireball                       Conjuration/Fire             5
 o - a book of Hinderance

   Spells                             Type                      Level
   a - Confusing Touch                Hexes                        2
   b - Confuse                        Hexes                        3
   c - Petrify                        Transmutation/Earth          4
   d - Metabolic Englaciation         Hexes/Ice                    5
   e - Gell's Gravitas                Hexes/Translocation          5
   f - Summon Mana Viper              Hexes/Summoning              5
 D - Seanlav's Disquisition on Assistive Dislocation
   (You found it in an ice cave)

   Spells                             Type                      Level
   a - Apportation                    Translocation                1
   b - Repel Missiles                 Charms/Air                   2
   c - Shroud of Golubria             Charms/Translocation         2
   d - Recall                         Summoning/Translocation      3
   e - Warp Weapon                    Charms/Translocation         5
 F - a book of Frost

   Spells                             Type                      Level
   a - Freeze                         Ice                          1
   b - Throw Frost                    Conjuration/Ice              2
   c - Ozocubu's Armour               Charms/Ice                   3
   d - Throw Icicle                   Conjuration/Ice              4
   e - Summon Ice Beast               Ice/Summoning                4
   f - Condensation Shield            Ice                          4
 I - a Young Poisoner's Handbook

   Spells                             Type                      Level
   a - Sting                          Conjuration/Poison           1
   b - Cure Poison                    Poison                       2
   c - Mephitic Cloud                 Conjuration/Poison/Air       3
   d - Olgreb's Toxic Radiance        Poison                       4
   e - Venom Bolt                     Conjuration/Poison           5
 O - a book of Power

   Spells                             Type                      Level
   a - Fulminant Prism                Conjuration/Hexes            4
   b - Iskenderun's Mystic Blast      Conjuration                  4
   c - Venom Bolt                     Conjuration/Poison           5
   d - Bolt of Magma                  Conjuration/Fire/Earth       5
   e - Iron Shot                      Conjuration/Earth            6
   f - Orb of Destruction             Conjuration                  7
   g - Spellforged Servitor           Conjuration/Summoning        7
 T - the Guide on Illusion
   (You found it on level 1 of the Elven Halls)

   Spells                             Type                      Level
   a - Summon Butterflies             Summoning                    1
   b - Summon Ice Beast               Ice/Summoning                4
   c - Summon Demon                   Summoning                    5
   d - Monstrous Menagerie            Summoning                    6
Miscellaneous
 m - a phantom mirror
 Z - a lamp of fire
Comestibles
 b - 5 bread rations
 g - 6 meat rations
 n - 12 royal jellies
 p - 2 beef jerkies
 Y - 22 fruits


   Skills:
 - Level 10.7 Fighting
 - Level 10.0 Dodging
 - Level 2.4 Stealth
 - Level 11.1 Shields
 + Level 18.5 Unarmed Combat
 - Level 10.0 Invocations


You had 15 spell levels left.
You didn't know any spells.

Dungeon Overview and Level Annotations

Branches:
Dungeon (11/15)            Temple (0/1) D:5            Lair (8/8) D:11
 Shoals (0/5) Lair:4        Snake (0/5) Lair:6        Slime (0/6) Lair:6
    Orc (4/4) D:10            Elf (1/3) Orc:3

Altars:
Cheibriados
Dithmenos
Fedhas
Qazlal
Sif Muna
Zin
Beogh

Shops:
D:6 :*}%   D:8 !   Orc:4 *?[(

Portals:
Trove: Elf:1 (give 2 scrolls of acquirement)


Innate Abilities, Weirdness & Mutations

You have razor-sharp teeth.
You regenerate.
When hurt, damage is shared between your health and your magic reserves.
Your bite disrupts and absorbs the magic of your enemies.
Potions and wands cannot restore your health.
You are immune to rotting.
You are dopey. (Int -2)


Message History

Drink which item? (? for menu, Esc to quit)
You feel very mighty all of a sudden. The Ice Fiend claws you.
The Ice Fiend freezes you!!!
You feel protected from cold. The Ice Fiend claws you!
The Ice Fiend freezes you! You resist.
Read which item? (? for menu, Esc to quit)
As you read the scroll of teleportation, it crumbles to dust.
You feel strangely unstable. You block the Ice Fiend's attack.
You block the Ice Fiend's attack.
You pummel the Ice Fiend!!
The Ice Fiend is moderately wounded.
The Ice Fiend claws you!
* * * LOW HITPOINT WARNING * * *
The Ice Fiend freezes you! You resist.
You feel more protected from cold.
* * * LOW HITPOINT WARNING * * *
The Ice Fiend claws you.
* * * LOW HITPOINT WARNING * * *
The Ice Fiend freezes you!! You resist.
You die...

##########
###...##...#######
###.§.##...##...#..#
###...§##########..#..
#..§.@## #..####
#...1## ##..##. ###..
###... ##. #### ## #≈
≈≈≈ ≈≈≈ #≈


You could see an Ice Fiend.

Vanquished Creatures
  Rupert (Lair:8)
  Donald (Elf:1)
  An orc warlord (Orc:4)
  A deep elf demonologist (Elf:1)
  Snorg (Lair:5)
  An ettin (Orc:4)
  3 catoblepae (Lair:8)
  7 hydras
  29 death yaks
  6 orc high priests (Orc:4)
  Nergalle (D:11)
  Erolcha (Orc:2)
  3 deep elf knights (Elf:1)
  A fire crab (Lair:8)
  The ghost of Bikalo the Grappler, an experienced VSMo of Makhleb (D:10)
  7 ice devils
  An ice statue (IceCv)
  10 deep elf summoners (Elf:1)
  2 deep elf conjurers (Elf:1)
  4 hill giants
  A lindwurm (Lair:8)
  An oklob plant (Lair:7)
  5 orc knights
  A manticore (D:11)
  6 orc sorcerers
  A rust devil (Orc:4)
  3 toenail golems (Volcano)
  Maurice (D:8)
  20 elephants
  A black mamba (Lair:8)
  A centaur skeleton (D:10)
  2 orange demons
  2 komodo dragons
  13 spiny frogs
  3 demonic crawlers (Elf:1)
  A kobold demonologist (D:7)
  2 golden dragon simulacra (IceCv)
  A fire drake (Lair:5)
  A deep elf priest (Elf:1)
  A blue devil (IceCv)
  A red devil (Orc:4)
  4 freezing wraiths (IceCv)
  An anaconda simulacrum (IceCv)
  4 two-headed ogres
  7 trolls
  A snapping turtle (Lair:4)
  10 redbacks
  13 blink frogs
  A spriggan (Lair:2)
  5 basilisks
  A wraith (D:10)
  A dire elephant simulacrum (IceCv)
  4 tarantellas
  A death yak simulacrum (IceCv)
  4 deep elf magi
  6 humans (Volcano)
  8 deep elf fighters (Elf:1)
  39 yaks
  Grum (Orc:3)
  A steam dragon (D:7)
  4 hippogriffs
  2 hungry ghosts
  8 wargs
  A neqoxec (Orc:4)
  3 nagas (Lair:6)
  2 iron troll simulacra (IceCv)
  15 water moccasins
  14 wolves
  Menkaure (D:4)
  5 harpy simulacra (IceCv)
  3 hydra simulacra (IceCv)
  6 ice beasts
  A small abomination (Elf:1)
  A wasp (Lair:2)
  3 black bears
  8 porcupines
  5 phantoms
  A spider (Orc:1)
  37 orc warriors
  2 sky beasts
  23 ogres
  3 boring beetles
  14 crocodiles
  3 centaurs
  Sigmund (D:4)
  3 big kobolds
  Duvessa (D:4)
  17 giant frogs
  A scorpion (D:6)
  A warg zombie (Orc:4)
  18 killer bees
  An electric eel (Lair:8)
  6 crimson imps
  5 goliath beetles
  2 giant frog zombies
  Dowan (D:4)
  2 draconian simulacra (IceCv)
  28 orc priests
  10 hounds
  7 jellies
  3 giant frog skeletons
  10 iguanas
  3 troll simulacra (IceCv)
  2 quasits
  5 worker ants
  30 orc wizards
  2 polar bear simulacra (IceCv)
  8 sheep
  6 spectral orcs (D:11)
  8 hell rats (Elf:1)
  A wolf simulacrum (IceCv)
  Ijyb (D:3)
  2 centaur simulacra (IceCv)
  2 hound zombies
  2 worker ant zombies
  34 adders
  8 gnolls
  A naga simulacrum (IceCv)
  An ogre simulacrum (IceCv)
  2 shadow imps
  6 orc zombies (Orc:4)
  49 river rats
  4 giant mites
  6 worms
  3 white imps (IceCv)
  4 ufetubi (IceCv)
  An adder skeleton (D:6)
  4 giant geckos
  11 oozes
  299 orcs
  A bat zombie (D:5)
  11 giant cockroaches
  25 goblins
  23 hobgoblins
  9 jackals
  22 kobolds
  16 quokkas
  5 ball pythons
  12 bats
  2 giant gecko skeletons
  4 giant newts
  2 quokka skeletons
  17 rats
  A crawling corpse (Elf:1)
  69 fungi
  31 plants
1299 creatures vanquished.

Vanquished Creatures (others)
  A minotaur (Lab)
  A white imp (IceCv)
  4 ufetubi (IceCv)
  An orc zombie (Orc:4)
  An orc (Orc:4)
  10 fungi
  5 plants
23 creatures vanquished.

Grand Total: 1322 creatures vanquished

Notes
Turn   | Place    | Note
--------------------------------------------------------------
     0 | D:1      | Econoterrorist, the Vine Stalker Monk, began the quest for the Orb.
     0 | D:1      | Reached XP level 1. HP: 11/11 MP: 1/1
   139 | D:1      | Reached XP level 2. HP: 13/16 MP: 3/3
   720 | D:1      | Reached XP level 3. HP: 15/19 MP: 4/4
   911 | D:2      | Reached skill level 5 in Unarmed Combat
  1184 | D:2      | Reached XP level 4. HP: 7/23 MP: 1/5
  1937 | D:2      | Reached skill level 6 in Unarmed Combat
  2194 | D:3      | Noticed an ogre
  2259 | D:3      | Killed an ogre
  2259 | D:3      | Reached XP level 5. HP: 26/28 MP: 7/7
  2538 | D:3      | Noticed Ijyb
  2548 | D:3      | Killed Ijyb
  2548 | D:3      | Reached skill level 1 in Shields
  2548 | D:3      | Gained mutation: You heal very quickly. [vine stalker growth]
  2548 | D:3      | Reached XP level 6. HP: 29/32 MP: 8/8
  2627 | D:3      | Found a glowing drain.
  2666 | Sewer    | Entered a sewer
  3397 | Sewer    | Reached XP level 7. HP: 20/36 MP: 5/9
  4110 | D:4      | Noticed Sigmund
  4137 | D:4      | Killed Sigmund
  4148 | D:4      | Reached skill level 5 in Shields
  4190 | D:4      | Noticed Menkaure
  4203 | D:4      | Killed Menkaure
  4294 | D:4      | Gained mutation: You have razor-sharp teeth. [vine stalker growth]
  4294 | D:4      | Reached XP level 8. HP: 36/40 MP: 8/11
  4310 | D:4      | HP: 2/40 [poisoned by a scorpion]
  4315 | D:4      | HP: 2/40 [poisoned by a scorpion]
  4322 | D:4      | HP: 2/40 [poisoned by a scorpion]
  4335 | D:4      | HP: 2/40 [quokka (1)]
  4613 | D:4      | Reached skill level 7 in Unarmed Combat
  4772 | D:4      | Noticed Dowan
  4773 | D:4      | Noticed Duvessa
  4794 | D:4      | Killed Duvessa
  4806 | D:4      | Killed Dowan
  4925 | D:4      | Found a stormy altar of Qazlal.
  4932 | D:4      | Became a worshipper of Qazlal Stormbringer
  4932 | D:4      | Acquired Qazlal's first power
  4932 | D:4      | Acquired Qazlal's second power
  4989 | D:4      | Found a blossoming altar of Fedhas.
  5089 | D:5      | Entered Level 5 of the Dungeon
  5261 | D:5      | Reached skill level 8 in Unarmed Combat
  5347 | D:5      | Found a shadowy altar of Dithmenos.
  5919 | D:5      | Found a staircase to the Ecumenical Temple.
  6381 | D:6      | Found a deep blue altar of Sif Muna.
  6405 | D:6      | Found Mixongab's Assorted Antiques.
  6465 | D:5      | Reached XP level 9. HP: 46/46 MP: 12/12
  6521 | D:6      | Found Mosuffynes' Book Boutique.
  6715 | D:6      | Found Pruwu's Gadget Emporium.
  6758 | D:6      | Reached skill level 5 in Fighting
  6763 | D:6      | Reached skill level 9 in Unarmed Combat
  6973 | D:6      | Found Bludwad's Food Emporium.
  7075 | D:6      | Bought a scroll labeled JYITTO ROSO for 22 gold pieces
  7075 | D:6      | Bought a scroll labeled TRUIFR EGUIXO for 22 gold pieces
  7075 | D:6      | Bought a scroll labeled YXEIBI WE PLA for 22 gold pieces
  7249 | D:6      | Acquired Qazlal's third power
  7437 | D:6      | Reached skill level 5 in Dodging
  7491 | D:6      | HP: 2/47 [poisoned by a killer bee]
  7678 | D:7      | Noticed a kobold demonologist
  7707 | D:7      | Killed a kobold demonologist
  7740 | D:7      | Reached skill level 10 in Unarmed Combat
  7890 | D:7      | Reached XP level 10. HP: 46/53 MP: 10/13
  8082 | D:7      | Found a snail-covered altar of Cheibriados.
  8577 | D:8      | Acquired Qazlal's fourth power
  8900 | D:8      | Got a pair of smoking gloves
  8911 | D:8      | Identified the cursed +0 pair of gloves "Tybb" {rF+ MP+9 Str+4 Dex-5} (You found it on level 8 of the Dungeon)
  9007 | D:8      | Reached skill level 11 in Unarmed Combat
  9049 | D:8      | Noticed Maurice
  9084 | D:8      | Found Khok's Distillery.
  9403 | D:8      | Killed Maurice
  9456 | D:9      | Reached skill level 1 in Invocations
  9899 | D:9      | Reached skill level 5 in Invocations
  9907 | D:9      | Reached XP level 11. HP: 41/58 MP: 22/22
  9930 | D:9      | Acquired Qazlal's fifth power
 10258 | D:10     | Entered Level 10 of the Dungeon
 10258 | D:10     | Noticed a hill giant
 10266 | D:10     | Killed a hill giant
 10281 | D:10     | Noticed a hill giant
 10301 | D:10     | Killed a hill giant
 10328 | D:10     | Noticed Bikalo's ghost (experienced VSMo)
 10349 | D:10     | Killed Bikalo's ghost
 10860 | D:10     | Found a staircase to the Orcish Mines.
 10928 | D:10     | Noticed a hill giant
 10941 | D:10     | Killed a hill giant
 10941 | D:10     | Reached skill level 10 in Invocations
 11076 | D:11     | Found a staircase to the Lair.
 11287 | D:11     | Gained mutation: You regenerate. [vine stalker growth]
 11287 | D:11     | Reached XP level 12. HP: 62/62 MP: 27/27
 11385 | D:11     | Noticed a hill giant
 11395 | D:11     | Killed a hill giant
 11547 | D:11     | Noticed Nergalle
 11611 | D:11     | Killed Nergalle
 11779 | Lair:1   | Entered Level 1 of the Lair of Beasts
 11799 | Lair:1   | Noticed a five-headed hydra
 11805 | Lair:1   | Killed a five-headed hydra
 12426 | Lair:2   | Found a labyrinth entrance.
 12436 | Lab      | Entered a labyrinth
 12681 | Lab      | Noticed a minotaur
 12694 | Lab      | Killed a minotaur
 12694 | Lab      | Reached skill level 10 in Shields
 12882 | Lair:2   | Identified a +2 rod of destruction (13/13) (You found it in a labyrinth)
 13172 | Lair:2   | Noticed a death yak
 13178 | Lair:2   | Killed a death yak
 13348 | Lair:3   | Noticed a six-headed hydra
 13362 | Lair:3   | Killed a six-headed hydra
 13362 | Lair:3   | Reached skill level 12 in Unarmed Combat
 13709 | Lair:3   | Reached XP level 13. HP: 37/66 MP: 24/28
 14069 | Lair:3   | Reached skill level 13 in Unarmed Combat
 14716 | Lair:4   | Reached skill level 14 in Unarmed Combat
 14914 | Lair:4   | Found a staircase to the Shoals.
 15166 | Lair:5   | Found a staircase to the Shoals.
 15200 | Lair:5   | Noticed Snorg
 15216 | Lair:5   | Killed Snorg
 15299 | Lair:5   | Reached skill level 15 in Unarmed Combat
 15931 | Lair:6   | Got a transparent robe
 15968 | Lair:5   | Identified the +1 robe "Mniwieho" {Regen+} (You found it on level 6 of the Lair of Beasts)
 16327 | Lair:6   | Reached XP level 14. HP: 65/70 MP: 29/29
 16379 | Lair:6   | Found a staircase to the Snake Pit.
 16462 | Lair:6   | Found a staircase to the Slime Pits.
 16616 | Lair:6   | Reached skill level 16 in Unarmed Combat
 17139 | Lair:7   | Found a dark tunnel.
 17151 | Volcano  | Entered a volcano
 17591 | Lair:7   | Found a glowing silver altar of Zin.
 18151 | Lair:8   | Entered Level 8 of the Lair of Beasts
 18164 | Lair:8   | Noticed Rupert
 18190 | Lair:8   | Killed Rupert
 19086 | Lair:8   | Reached XP level 15. HP: 50/79 MP: 30/30
 19280 | Lair:8   | Reached skill level 10 in Fighting
 20161 | Orc:1    | Entered Level 1 of the Orcish Mines
 20535 | Orc:2    | Noticed Erolcha
 20547 | Orc:2    | Killed Erolcha
 21341 | Orc:3    | Noticed Grum
 21352 | Orc:3    | Killed Grum
 21572 | Orc:3    | Found a staircase to the Elven Halls.
 21967 | Orc:4    | Entered Level 4 of the Orcish Mines
 22035 | Orc:4    | Reached skill level 10 in Dodging
 22731 | Orc:4    | Found a roughly hewn altar of Beogh.
 22795 | Orc:4    | Found Zachoen's Antique Armour Emporium.
 22807 | Orc:4    | Bought a pair of embroidered boots for 121 gold pieces
 22807 | Orc:4    | Bought a pair of embroidered boots for 121 gold pieces
 22807 | Orc:4    | Bought a steaming buckler for 256 gold pieces
 22840 | Orc:4    | Identified the +3 buckler "Jeloc" {rN+ Int+2 SInv Stlth-} (You bought it in a shop on level 4 of the Orcish Mines)
 22906 | Orc:4    | Gained mutation: You are dopey. (Int -2) [a neqoxec]
 23057 | Orc:4    | Found Sailunio's Weapon Shoppe.
 23217 | Orc:4    | Found a roughly hewn altar of Beogh.
 23245 | Orc:4    | Found Sheaxur's Assorted Antiques.
 23251 | Orc:4    | Found Vorireus' Magic Scroll Shoppe.
 23267 | Orc:4    | Bought a scintillating silver amulet for 105 gold pieces
 23267 | Orc:4    | Bought a scroll of recharging for 199 gold pieces
 23270 | Orc:4    | Identified the amulet of Hiwer {Spirit Str+4} (You bought it in a shop on level 4 of the Orcish Mines)
 23644 | Orc:4    | Reached skill level 17 in Unarmed Combat
 23653 | Orc:4    | Reached XP level 16. HP: 84/86 MP: 30/30
 23983 | Elf:1    | Entered Level 1 of the Elven Halls
 24124 | Elf:1    | Found a portal to a secret trove of treasure.
 24164 | Elf:1    | Noticed Donald
 24200 | Elf:1    | Killed Donald
 24322 | Elf:1    | Reached skill level 18 in Unarmed Combat
 24350 | Elf:1    | Identified the Guide on Illusion
 24408 | Elf:1    | Found a frozen archway.
 24428 | IceCv    | Entered an ice cave
 24516 | IceCv    | Identified Seanlav's Disquisition on Assistive Dislocation
 25203 | IceCv    | Noticed an Ice Fiend
 25206 | IceCv    | HP: 3/86 [Ice Fiend (4)]
 25206 | IceCv    | Demolished by an Ice Fiend

Action                   |  1- 3 |  4- 6 |  7- 9 | 10-12 | 13-15 | 16-18 || total
-------------------------+-------+-------+-------+-------+-------+-------++-------
Melee: Unarmed           |    99 |   222 |   483 |   954 |  1761 |   376 ||  3895
Throw: Throwing net      |       |       |       |       |     2 |       ||     2
Invok: Upheaval          |       |       |     1 |     6 |    10 |     4 ||    21
       Disaster Area     |       |       |       |       |     6 |     4 ||    10
Evoke: Rod               |       |       |       |       |     3 |     4 ||     7
       Wand              |       |       |       |       |     3 |       ||     3
  Use: Potion            |       |       |     5 |     1 |     1 |     5 ||    12
       Scroll            |       |       |     5 |    19 |    20 |     3 ||    47
 Stab: Sleeping          |     6 |     4 |     1 |       |       |       ||    11
       Distracted        |       |       |     1 |       |       |       ||     1
  Eat: Chunk             |       |     6 |    21 |    13 |    28 |     4 ||    72
       Fruit             |       |     2 |       |       |       |       ||     2
       Beef jerky        |       |       |       |     2 |     3 |     2 ||     7
       Pizza             |       |       |       |     1 |     1 |       ||     2
